 Dungeon Crawl Stone Soup version 0.28-b1-70-g80dc712255 (webtiles) character file.

Game seed: 15845200239157920558

8553 tizbic2 the Summoner (level 11, -2/80 HPs)
             Began as a Demonspawn Transmuter on Feb 3, 2022.
             Was an Elder of Ru.
             Hit by a large rock thrown by a cyclops (11 damage)
             ... on level 10 of the Dungeon.
             The game lasted 01:18:01 (11540 turns).

tizbic2 the Summoner (Demonspawn Transmuter)       Turns: 11540, Time: 01:18:02

Health: -2/80      AC:  6    Str: 11    XL:     11   Next: 11%
Magic:  17/18      EV: 19    Int: 18    God:    Ru [****..]
Gold:   369        SH:  5    Dex: 19    Spells: 14/20 levels left

rFire   x . .      SeeInvis .     - Unarmed
rCold   x . .      Faith    .   (shield currently unavailable)
rNeg    . . .      Spirit   .   (armour currently unavailable)
rPois   x          Reflect  +   (helmet currently unavailable)
rElec   .          Harm     .   (cloak currently unavailable)
rCorr   .          Rampage  .   (gloves currently unavailable)
Will    .....                   (boots currently unavailable)
Stlth   ++........              h - amulet of reflection
HPRegen 0.23/turn               N - +4 ring of slaying
MPRegen 0.16/turn               m - +4 ring of protection

@: spider-form (expiring)
A: venomous fangs, tiny, (antennae 2), (hooves 1), powered by death 3, inability
to use devices, temperature sensitive, (weakness stinger 1)
a: End Transformation, Renounce Religion, Draw Out Power, Power Leap


You were on level 10 of the Dungeon.
You worshipped Ru.
Ru was greatly pleased with you.
You were a venomous arachnid creature.
You visited 2 branches of the dungeon, and saw 11 of its levels.

You collected 489 gold pieces.
You spent 120 gold pieces at shops.

Inventory:

Hand Weapons
 e - a +6 scimitar of flaming (melded)
 q - a +0 shortbow
 w - a +0 mace of protection
 G - a +0 longbow
 P - the +6 mace of Insomnia {elec, rElec Str+4 Int-5 SInv}
   (You found it on level 9 of the Dungeon)

   It occasionally discharges a powerful burst of electricity upon striking a
   foe.
   Str:       It affects your strength (+4).
   Int:       It affects your intelligence (-5).
   rElec:     It insulates you from electricity.
   SInv:      It lets you see invisible.
Missiles
 i - 32 poisoned darts (quivered)
 j - 5 javelins
 K - 2 throwing nets
 L - 154 arrows
Armour
 c - a +0 troll leather armour (melded)
 f - a +0 buckler (melded)
 p - a +0 pair of gloves (melded)
 R - +0 steam dragon scales
Jewellery
 d - a +6 ring of strength
 h - an amulet of reflection (around neck)
 l - an amulet of the acrobat
 m - a +4 ring of protection (right front leg)
 o - a ring of fire
 y - a ring of resist corrosion
 D - a +6 ring of intelligence
 I - a +6 ring of intelligence
 N - a +4 ring of slaying (left front leg)
 Q - a ring of protection from cold
Scrolls
 a - a scroll of torment {unknown}
 t - a scroll of blinking
 v - a scroll of fog
 E - a scroll of brand weapon
 M - a scroll of teleportation
 O - 4 scrolls of identify
Potions
 b - 2 potions of curing
 k - 3 potions of mutation
 n - a potion of flight {unknown}
 r - a potion of cancellation {unknown}
 s - 2 potions of degeneration {unknown}
 u - 2 potions of berserk rage
 z - a potion of might {unknown}
 A - a potion of magic {unknown}
 C - 3 potions of attraction {unknown}
 H - a potion of lignification {unknown}


   Skills:
 - Level 5.3 Fighting
 - Level 3.0 Long Blades
 - Level 3.3 Maces & Flails
 - Level 2.1 Bows
 - Level 1.7 Dodging
 + Level 3.3 Shields
 - Level 6.5 Unarmed Combat
 - Level 5.2 Spellcasting
 - Level 8.1 Summonings
 - Level 6.0 Necromancy
 - Level 6.9 Transmutations


You had 14 spell levels left.
You knew the following spells:

 Your Spells              Type           Power      Damage    Failure   Level
a - Beastly Appendage     Tmut           58%        N/A       4%          1
b - Spider Form           Tmut/Pois      17%        N/A       24%         3
c - Passwall              Tmut/Erth      14%        N/A       14%         2

Your spell library contained the following spells:

 Spells                   Type           Power      Damage    Failure   Level
 Wereblood                Tmut           29%        N/A       5%          2
 Corpse Rot               Necr/Air       30%        N/A       17%         2
 Shock                    Conj/Air       16%        1d4       30%         1
 Ensorcelled Hibernation  Hex/Ice        8%         N/A       41%         2
 Poisonous Vapours        Pois/Air       8%         N/A       41%         2
 Scorch                   Fire           8%         2d5       41%         2
 Summon Lightning Spire   Summ/Air       19%        N/A       45%         4
 Ice Form                 Ice/Tmut       17%        N/A       52%         4
 Dazzling Flash           Conj/Hex       8%         N/A       58%         3
 Anguish                  Hex/Necr       7%         N/A       58%         4
 Summon Cactus Giant      Summ           17%        N/A       77%         6
 Alistair's Intoxication  Tmut/Pois      11%        N/A       83%         5
 Flame Wave               Conj/Fire      4%         2d5       91%         4
 Iskenderun's Mystic Bla  Conj/Tloc      4%         2d3       91%         4
 Freezing Cloud           Conj/Ice/Air   2%         6-21      99%         5
 Iskenderun's Battlesphe  Conj           4%         2d6       99%         5
 Iron Shot                Conj/Erth      2%         9d2       100%        6
 Starburst                Conj/Fire      2%         6d3       100%        6
 Spellforged Servitor     Conj/Summ      9%         N/A       100%        7
 Necromutation            Tmut/Necr      13%        N/A       100%        8


Dungeon Overview and Level Annotations

Branches:
Dungeon (10/15)            Temple (1/1) D:6
   Lair: D:8-11         Orc: D:9-12

Altars:
Ashenzari
Cheibriados
Dithmenos
Elyvilon
Fedhas
Gozag
Hepliaklqana
Kikubaaqudgha
Makhleb
Nemelex Xobeh
Okawaru
Qazlal
Ru
Sif Muna
Trog
Uskayaw
Vehumet
Wu Jian
Xom
Yredelemnul
Zin
The Shining One

Shops:
D:5 (


Innate Abilities, Weirdness & Mutations

You are a venomous arachnid creature.
You have poisonous fangs.
You are tiny and dextrous.
Your spellcasting is less reliable in this form.
Your armour is entirely melded.
You are incapable of wielding weapons or throwing items.
((You have a pair of antennae on your head.))
((You have large cloven feet.))
You regenerate a lot of health from kills.
You cannot study or use magical devices.
You are sensitive to extremes of temperature. (rF-, rC-)
((You have a small tail.))


Message History

The cyclops throws a large rock.
The large rock hits you!!
Your transformation has ended.
Your +6 scimitar of flaming unmelds from your body.
Your +0 pair of gloves unmelds from your body.
Your +0 buckler unmelds from your body.
Your +0 troll leather armour unmelds from your body.
Your +6 scimitar of flaming bursts into flame!
Casting: Spider Form (dangerous; 16% risk of failure)
Confirm with . or Enter, or press ? or * to list all spells.
You turn into a venomous arachnid creature.
Your +6 scimitar of flaming melds into your body.
Your +0 pair of gloves melds into your body.
Your +0 buckler melds into your body.
Your +0 troll leather armour melds into your body.
Your +6 scimitar of flaming stops flaming.
The cyclops throws a large rock.
The large rock hits you!
Found 19 gold pieces.
You hit the cyclops.
The cyclops is poisoned.
The cyclops is lightly wounded.
You hit the cyclops.
The cyclops looks as sick as possible!
The cyclops is lightly wounded.
The cyclops barely misses you.
Found 19 bolts.
Your transformation is almost over.
The cyclops misses you.
You bite the cyclops!
The cyclops looks as sick as possible!
The cyclops is heavily wounded.
The cyclops throws a large rock.
The large rock closely misses you. The cyclops hits you!!
* * * LOW HITPOINT WARNING * * *
You bite the cyclops!
The cyclops looks as sick as possible!
The cyclops is severely wounded.
You hit the cyclops.
The cyclops looks as sick as possible!
The cyclops is almost dead.
The cyclops hits you.
* * * LOW HITPOINT WARNING * * *
The howler monkey begins to attack, but is stunned by your conviction!
The howler monkey hoots and howls with incredible vigour!
The cyclops throws a large rock.
The large rock hits you!
You die...

......# ...#
....####...#
..........#
#(.......#
#........###
#C..........
#........... .
#####......#####..
#...s......# ..'.
#..........#...# ...
#..........#...# ....
#..........'...#.....
#..........###.#.....
#............###.....
#..........h)........
#..$...............>.
.....#####.........


You could see a cyclops (extremely poisoned) and a howler monkey (catching
breath).

Vanquished Creatures
  2 two-headed ogres
  Erica (D:8)
  2 cyclopes
  A hornet (D:8)
  A polar bear (D:8)
  A shadow (D:6)
  2 wyverns (D:9)
  2 yaks
  2 steam dragons
  A water moccasin (D:8)
  A black bear (D:5)
  4 ice beasts
  2 orc warriors
  A necrophage (D:8)
  A sky beast (D:6)
  3 ogres
  2 wolves
  4 centaurs
  2 phantoms
  3 bullfrogs
  2 kobold brigands
  A gnoll sergeant (D:9)
  A scorpion (D:7)
  A wyvern skeleton (D:5)
  A water moccasin skeleton (D:6)
  4 killer bees (D:9)
  3 wights (D:8)
  4 howler monkeys
  5 electric eels (D:8)
  4 centaur zombies
  A jelly (D:5)
  3 hounds
  2 gnoll shamans
  An iguana (D:5)
  5 orc priests
  2 bullfrog skeletons (D:5)
  A scorpion zombie (D:5)
  13 orc wizards
  A killer bee zombie (D:6)
  2 centaur simulacra (D:8)
  A hound skeleton (D:5)
  A mummy (D:6)
  Robin (D:2)
  A howler monkey skeleton (D:6)
  17 gnolls
  9 adders
  5 white imps
  A howler monkey simulacrum (D:8)
  2 ufetubi
  2 worms (D:2)
  4 dart slugs
  21 orcs
  6 bats
  5 endoplasms
  A giant cockroach (D:1)
  14 goblins
  5 hobgoblins
  4 jackals
  3 quokkas
  6 ball pythons
  3 frilled lizards
  9 kobolds
  10 rats
226 creatures vanquished.

Vanquished Creatures (others)
  A two-headed ogre (D:10)
  An orc wizard (D:5)
  2 plants (Temple)
4 creatures vanquished.

Grand Total: 230 creatures vanquished

Notes
Turn   | Place    | Note
-------+----------+-------------------------------------------
     0 | D:1      | tizbic2 the Demonspawn Transmuter began the quest for the
                  | Orb.
     0 | D:1      | Reached XP level 1. HP: 15/15 MP: 3/3
   386 | D:1      | Discovered your monstrous ancestry.
   386 | D:1      | Lost mutation: You have razor-sharp toenails. [demonic
                  | ancestry]
   386 | D:1      | Lost mutation: You have sharp toenails. [demonic ancestry]
   386 | D:1      | Gained mutation: You have large cloven feet. [demonic
                  | ancestry]
   386 | D:1      | Reached XP level 2. HP: 21/21 MP: 3/5
   748 | D:1      | Gained mutation: You regenerate a little health from kills.
                  | [demonic ancestry]
   748 | D:1      | Reached XP level 3. HP: 26/26 MP: 6/6
  1380 | D:2      | Noticed Robin
  1402 | D:2      | Gained mutation: You have a small tail. [demonic ancestry]
  1402 | D:2      | Reached XP level 4. HP: 31/33 MP: 4/7
  1414 | D:2      | Killed Robin
  1478 | D:2      | Found a faded altar of an unknown god.
  1662 | D:2      | Identified the +1 spear "Tibba" {vorpal, rC- rN++}
  2024 | D:2      | Reached XP level 5. HP: 15/38 MP: 8/8
  3305 | D:4      | Reached XP level 6. HP: 43/45 MP: 10/10
  3601 | D:4      | Got the Handbook of Changing and Creation
  3985 | D:5      | Entered Level 5 of the Dungeon
  4032 | D:5      | Reached skill level 1 in Necromancy
  4147 | D:4      | Reached skill level 1 in Maces & Flails
  4147 | D:4      | Gained mutation: You have a pair of small antennae on your
                  | head. [demonic ancestry]
  4147 | D:4      | Reached XP level 7. HP: 34/51 MP: 11/11
  4457 | D:5      | Found a broken altar of Ashenzari.
  4525 | D:5      | Reached skill level 5 in Unarmed Combat
  5023 | D:5      | Found Huaph's Antique Weapon Shoppe.
  5026 | D:5      | Bought a runed mace for 120 gold pieces
  5112 | D:6      | Reached XP level 8. HP: 55/58 MP: 13/13
  5231 | D:6      | Reached skill level 5 in Transmutations
  5613 | D:6      | Found a staircase to the Ecumenical Temple.
  5653 | D:6      | Learned a level 3 spell: Spider Form
  5809 | Temple   | Entered the Ecumenical Temple
  5957 | Temple   | Became a worshipper of Ru the Awakened
  7042 | D:7      | Gained mutation: You have a pair of antennae on your head.
                  | [demonic ancestry]
  7042 | D:7      | Reached XP level 9. HP: 61/65 MP: 15/15
  7110 | D:7      | Reached skill level 5 in Necromancy
  7153 | D:7      | Learned a level 2 spell: Passwall
  8300 | D:8      | Reached skill level 1 in Summonings
  8306 | D:8      | Gained mutation: You are sensitive to extremes of
                  | temperature. (rF-, rC-) [Ru sacrifice]
  8306 | D:8      | Reached * piety under Ru
  8306 | D:8      | Reached ** piety under Ru
  8433 | D:8      | Noticed Erica
  8468 | D:8      | Killed Erica
  8469 | D:8      | Reached skill level 2 in Summonings
  8662 | D:8      | Reached skill level 1 in Long Blades
  8662 | D:8      | Reached skill level 3 in Summonings
  8700 | D:8      | Noticed a cyclops
  8774 | D:8      | Noticed a polar bear
  8810 | D:8      | Killed a polar bear
  8867 | D:8      | Reached skill level 1 in Bows
  8872 | D:8      | Gained mutation: You regenerate health from kills. [demonic
                  | ancestry]
  8872 | D:8      | Reached XP level 10. HP: 61/73 MP: 17/17
  8886 | D:8      | Reached skill level 5 in Fighting
  8936 | D:8      | Found a sparkling altar of Nemelex Xobeh.
  8967 | D:8      | Noticed a two-headed ogre
  8970 | D:8      | Found a shadowy altar of Dithmenos.
  9277 | D:8      | Killed a cyclops
  9278 | D:8      | Reached skill level 5 in Spellcasting
  9396 | D:8      | Killed a two-headed ogre
  9397 | D:8      | Reached skill level 4 in Summonings
  9752 | D:8      | Reached skill level 5 in Summonings
 10137 | D:9      | Reached skill level 6 in Summonings
 10509 | D:9      | Identified the +6 mace of Insomnia {elec, rElec Str+4 Int-5
                  | SInv}
 10754 | D:9      | Found a radiant altar of Vehumet.
 10754 | D:9      | Found a shimmering altar of Xom.
 10761 | D:9      | Found a shimmering blue altar of Sif Muna.
 10763 | D:9      | Found a snail-covered altar of Cheibriados.
 10794 | D:9      | Reached skill level 7 in Summonings
 11095 | D:9      | Noticed a two-headed ogre
 11117 | D:9      | Killed a two-headed ogre
 11118 | D:9      | Reached skill level 8 in Summonings
 11182 | D:9      | Gained mutation: You cannot study or use magical devices.
                  | [Ru sacrifice]
 11182 | D:9      | Reached *** piety under Ru
 11182 | D:9      | Reached **** piety under Ru
 11240 | D:10     | Entered Level 10 of the Dungeon
 11257 | D:10     | Got the Tome of Weightlessness
 11286 | D:10     | Noticed a cyclops
 11289 | D:10     | Reached skill level 1 in Shields
 11315 | D:10     | Killed a cyclops
 11316 | D:10     | Gained mutation: You regenerate a lot of health from kills.
                  | [demonic ancestry]
 11316 | D:10     | Reached XP level 11. HP: 44/80 MP: 16/18
 11501 | D:10     | Noticed a two-headed ogre
 11514 | D:10     | Killed a two-headed ogre
 11540 | D:10     | Hit by a large rock thrown by a cyclops

Illustrated notes

Levels and vault maps discovered:
D:1:      psy_arrival_fountain, layout_rooms, minmay_heptomino_h4
D:2:      layout_loops_ring, basic_ecumenical_altar,
          kennysheep_cross_bottleneck, minmay_diced_spiral, uniq_robin
D:3:      layout_basic, serial_co_window_serial, co_window_corner_a,
          co_window_paths_a, co_window_corner_a, co_window_of_opportunity_a,
          co_window_paths_a, co_window_cross_3, co_window_broadway_a,
          co_window_cross_4, co_window_broadway_a, co_window_unsneaky_path_a,
          co_window_2corner, glass_columns_b, glass_columns_c, glass_columns_c,
          glass_columns_c
D:4:      layout_basic
D:5:      kennysheep_six_static_rooms, layout_basic, ashenzari_altar_1,
          serial_shops, kennysheep_mini_moat
D:6:      layout_cave_pods, temple_pool_b, gup_ossuary_entry_pyramid
D:7:      layout_basic, dk_noncrumbling_3
D:8:      layout_basic, mainiacjoe_overflow_small_starburst,
          nicolae_dithmenos_the_darkroom, serial_ice, serial_ice_f,
          serial_ice_a, serial_ice_c, serial_ice_h, serial_ice_b, serial_ice_g,
          serial_ice_m, serial_ice_l, uniq_erica
D:9:      layout_stronghold, chequers_temple_overflow_minitemple
D:10:     minmay_the_grid_octo_tiled_octocenter [minmay_the_grid_octo_horde,
          minmay_the_grid_octo_checkered, minmay_the_grid_octo_pinwheel,
          minmay_the_grid_octo_77, minmay_the_grid_octo_prize_square_snowflake,
          minmay_the_grid_square_5x5_minimal, minmay_the_grid_square_5x5_n,
          minmay_the_grid_square_5x5_longway,
          minmay_the_grid_square_5x5_hourglass], layout_irregular_city,
          nicolae_elyvilon_peaceful_grove, tso_altar
Temple:   minmay_temple_forest_path

Skill      XL: |  1  2  3  4  5  6  7  8  9 10 11 |
---------------+----------------------------------+-----
Transmutations | 2 3 4 5 6 |  6.9
Unarmed Combat | 3 4 5 6 |  6.5
Fighting       | 2 3 4 5 |  5.3
Spellcasting   | 3 4 5 |  5.2
Necromancy     | 1 3 4 6 |  6.0
Maces & Flails | 1 2 3 |  3.3
Summonings     | 3 8 |  8.1
Long Blades    | 1 3 |  3.0
Bows           | 1 2 |  2.1
Shields        | 2 3 |  3.3
Dodging        | |  1.7

Action                   |  1- 3 |  4- 6 |  7- 9 | 10-12 || total
-------------------------+-------+-------+-------+-------++-------
Melee: Unarmed           |    68 |       |    19 |    49 ||   136
       Kick              |    33 |    42 |   124 |    49 ||   248
       Headbutt          |    16 |     8 |       |       ||    24
       Punch             |     3 |     8 |    11 |     7 ||    29
       Whip              |    47 |   200 |   221 |       ||   468
       Tailslap          |       |    23 |    59 |    17 ||    99
       Mace              |       |       |   156 |    17 ||   173
       Scimitar          |       |       |    18 |   129 ||   147
 Fire: Shortbow          |       |       |    11 |     7 ||    18
       Longbow           |       |       |     1 |       ||     1
Throw: Stone             |     5 |     7 |       |       ||    12
       Dart              |       |       |     7 |    15 ||    22
 Cast: Beastly Appendage |    24 |     9 |     5 |     1 ||    39
       Spider Form       |       |       |     6 |     9 ||    15
       Passwall          |       |       |     5 |       ||     5
Invok: Sacrifice Resista |       |       |     1 |       ||     1
       Power Leap        |       |       |       |     1 ||     1
       Sacrifice Artific |       |       |       |     1 ||     1
Evoke: Wand              |       |       |       |     1 ||     1
  Use: Scroll            |     1 |     6 |     5 |     1 ||    13
       Potion            |       |       |     2 |     2 ||     4
Armor: Robe              |     6 |       |       |       ||     6
       Troll leather arm |    18 |    75 |   180 |    69 ||   342
       Skin              |       |       |     1 |     5 ||     6
Dodge: Dodged            |    69 |   105 |   245 |   112 ||   531
Block: Other             |       |       |    46 |    24 ||    70
       Reflection        |       |       |       |     4 ||     4
       Buckler           |       |       |       |     4 ||     4
